AoeStats
← ecerva.27

Golden Pit

507912504Analyzed
1v1 RM · 12d ago on Sep 20, 2026· 43m 2s· 2 players
Game mode
Random Map
Map size
Tiny (2 player)
Population
200
Speed
Normal
Resources
Standard
Victory
Conquest
Starting age
Dark Age
Ending age
Imperial Age
RankedLock teamsTeams togetherTeam positionsShared explorationLock speedFull tech treeHidden civsTurbo modeCheats
Victory
Defeat
🇲🇽 Malians · Mexico
1151
+17
🇺🇸 Japanese · United States
1182
-17
ecerva.27
4:34 Loom
10:16 Feudal Age
15:37 Fletching
16:32 Double-Bit Axe
23:32 Castle Age
23:01 Bloodlines
25:18 Scale Barding Armor
31:48 Husbandry
33:24 Wheelbarrow
33:27 Forging
34:51 Iron Casting
35:21 Chain Barding Armor
36:33 Hand Cart
36:33 Horse Collar
37:05 Bow Saw
40:04 Imperial Age
38:28 Town Watch
39:49 Tigui
39:57 Bodkin Arrow
41:20 Plate Barding Armor
41:10 Conscription
40:30 Cavalier
41:20 Gold Mining
43:31 Farimba
bilalba
10:44 Feudal Age
11:14 Loom
11:19 Double-Bit Axe
11:16 Horse Collar
11:31 Man-at-Arms
13:16 Arson
14:00 Scale Mail Armor
14:10 Forging
15:34 Fletching
15:44 Padded Archer Armor
23:07 Castle Age
23:53 Bodkin Arrow
24:13 Leather Archer Armor
24:39 Wheelbarrow
25:24 Husbandry
25:48 Town Watch
26:23 Forging
27:22 Town Patrol
28:59 Ballistics
29:14 Bloodlines
30:30 Hand Cart
39:16 Thumb Ring
43:38 Imperial Age
41:13 Gold Mining
41:13 Stone Mining
Connection lost

Rejoining the realm…

Still unreachable

The connection could not be restored.

Session expired

The server has moved on; the page needs a fresh start.